Mecha, chaotic male elven Ranger ----------- |.......@.+ |.......a.| |.........| |.........| |.........| -----.----- ## # ### # ###### ---.------------ |.....<........| |..............| |..............+ |..............| ---------------- Mecha the Lookout Experience level: 4 Strength: 15 Dexterity: 10 Constitution: 16 Intelligence: 13 Wisdom: 14 Charisma: 8 Health: 0(26) Energy: 25(25) Def: 4 Gold: 365 Moves: 1920 Dungeon seed: cv8lMhwYa0Rj7VF5 Game ID: Mecha_1477336126 Your Inventory: Coins $ - 365 gold pieces Weapons a - the +1 Sting (weapon in hand) b - a +1 elven bow c - 49 +2 elven arrows d - 39 poisoned +0 elven arrows x - a +0 spear (in quiver) Armor e - an uncursed +2 elven cloak (being worn) r - an uncursed +0 orcish helm (being worn) Comestibles f - 4 uncursed lembas wafers g - an uncursed food ration h - an uncursed fortune cookie k - an uncursed pancake v - an uncursed lichen corpse w - 2 uncursed candy bars Spellbooks i - an uncursed spellbook of knock Potions j - an uncursed potion of speed o - an uncursed potion of gain energy s - a blessed potion of booze z - an uncursed potion of gain level A - an uncursed potion of restore ability Rings t - an uncursed ring of poison resistance Wands p - a wand of sleep (0:7) Tools l - a magic marker (0:51) Gems n - an uncursed luckstone q - an uncursed touchstone named touchstone Spells and supernatural/magical abilities: Name Level Category Fail Memory a - force bolt 1 attack 71% 95% k - knock 1 matter 71% 92% W - pray for help -- divine ? -- Your skills at the end: Fighting Skills Weapon Skills dagger [Basic] bow [Basic] Spellcasting Skills Final Attributes: You were piously aligned. You were sleep resistant. You were telepathic. You were aware of the presence of orcs. You had automatic searching. You had infravision. You were stealthy. You were lucky. You had extra luck. Bad luck did not time out for you. Good luck did not time out for you. You are dead. Vanquished creatures: a giant ant a little dog a floating eye an iguana 2 acid blobs 2 coyotes a hobbit a cave spider a brown mold a green mold a gnome zombie a gecko 2 jackals 4 goblins 2 sewer rats 8 grid bugs 2 lichens a kobold zombie 6 newts 39 creatures vanquished. Voluntary challenges: You used a wielded weapon 48 times, starting on turn 60. You read items or engraved 3 times, starting on turn 292. You never genocided any monsters. You never polymorphed an object. You never changed form. You used no wishes. You never split a pudding. You never wrote Elbereth's name. You never violated your personal moral code. Dungeon overview: The Dungeons of Doom: levels 1 to 4 Level 1 an altar to Mercury, a fountain a long staircase Level 2 a general store Level 3 a general store Level 4 <- You were here History has recorded: On T:1 you entered the Dungeons of Doom to retrieve the Amulet of Yendor! On T:405 you advanced to experience level 2. On T:615 you reached level 2 of The Dungeons of Doom. On T:841 you advanced to experience level 3. On T:1289 you reached level 3 of The Dungeons of Doom. On T:1459 you advanced to experience level 4. On T:1857 you reached level 4 of The Dungeons of Doom. Score breakdown: Gold: 365 ( 8720 points) Experience: 4 levels ( 9649 points) Exploration: 4 levels ( 7.84%) ( 7348 points) Discoveries: 2 items ( 0.69%) ( 2491 points) Valuables value: (no points given unless you survive) Artifact value: 800 ( 9877 points) Variety of kills: 19 monsters ( 4.99%) ( 6699 points) Turncount: 1920 turns ( 0 points) Survival: died (score multiplied by 80%) Total score: 35827 Latest messages: You see here a jackal corpse. This jackal corpse tastes terrible! You finish eating the jackal corpse. x - a spear (in quiver). z - a cyan potion. $ - 85 gold pieces. A - a dark potion. You stop running. This door is locked. You miss the giant ant. The giant ant bites! (2x) You hit the giant ant! The giant ant bites! You hit the giant ant. The giant ant bites! (3x) The giant ant misses. You miss the giant ant. The giant ant bites! (2x) You kill the giant ant! The giant ant bites! (2x) You hit the giant ant! The giant ant bites! You miss the giant ant. The giant ant bites! (2x) You die... Final status: Goodbye Mecha the Ranger, killed by a giant ant... You died in The Dungeons of Doom on dungeon level 4 with 35827 points, and 365 pieces of gold, after 1920 moves. You were level 4 with a maximum of 26 hit points when you died.